 Dungeon Crawl Stone Soup version 0.26.0-45-g9c1d065592 (webtiles) character file.

Game seed: 11133162987476646714

42 kaeus the Stinger (level 3, 0/25 HPs)
             Began as a Gnoll Venom Mage on Jan 31, 2021.
             Slain by Sigmund
             ... wielding a +0 scythe
              (3 damage)
             ... on level 3 of the Dungeon.
             The game lasted 00:01:30 (1687 turns).

kaeus the Stinger (Gnoll Venom Mage)                Turns: 1687, Time: 00:01:30

Health: 0/25       AC:  3    Str: 10    XL:     3   Next: 56%
Magic:  0/9        EV: 14    Int: 18    God:
Gold:   31         SH:  0    Dex: 15    Spells: 11/12 levels left

rFire    . . .     SeeInvis .   e - +0 short sword
rCold    . . .     Faith    .   (no shield)
rNeg     . . .     Spirit   .   a - +0 robe
rPois    .         Reflect  .   (no helmet)
rElec    .         Harm     .   j - +0 cloak
rCorr    .         Rampage  .   (no gloves)
Will     .....     Rnd*Tele +   (no boots)
Stlth    +++.......             c - amulet of inaccuracy (curse)
HPRegen  0.08/turn              d - ring of teleportation (curse)
MPRegen  0.11/turn              (no ring)

@: lethally poisoned (0 -> -1)
A: distributed training, fangs 1, strong nose
a: no special abilities


You were on level 3 of the Dungeon.
You visited 1 branch of the dungeon, and saw 3 of its levels.

You collected 31 gold pieces.

Inventory:

Hand Weapons
 e - a +0 short sword (weapon)
Armour
 a - a +0 robe (worn)
 j - a +0 cloak (worn)
Jewellery
 c - a cursed amulet of inaccuracy (around neck)
 d - a cursed ring of teleportation (left hand)
 g - an uncursed amulet of guardian spirit {unknown}
Potions
 b - a potion of haste {unknown}
 f - a potion of curing {unknown}


   Skills:
 + Level 0.8 Fighting
 + Level 0.8 Short Blades
 + Level 0.8 Long Blades
 + Level 0.8 Axes
 + Level 0.8 Maces & Flails
 + Level 0.8 Polearms
 + Level 0.8 Staves
 + Level 0.8 Slings
 + Level 0.8 Bows
 + Level 0.8 Crossbows
 + Level 0.8 Throwing
 + Level 0.8 Armour
 + Level 4.5 Dodging
 + Level 4.1 Stealth
 + Level 0.8 Shields
 + Level 0.8 Unarmed Combat
 + Level 5.0 Spellcasting
 + Level 0.5 Conjurations
 + Level 0.5 Hexes
 + Level 0.5 Summonings
 + Level 0.5 Necromancy
 + Level 0.5 Translocations
 + Level 2.1 Transmutations
 + Level 0.5 Fire Magic
 + Level 0.5 Ice Magic
 + Level 0.5 Air Magic
 + Level 0.5 Earth Magic
 + Level 5.4 Poison Magic
 + Level 1.0 Invocations
 + Level 0.8 Evocations


You had 11 spell levels left.
You knew the following spells:

 Your Spells              Type           Power        Failure   Level
a - Sting                 Tmut/Pois      72%          2%          1

Your spell library contained the following spells:

 Spells                   Type           Power        Failure   Level
 Poisonous Vapours        Pois/Air       30%          6%          2
 Ignite Poison            Fire/Tmut/Pois 14%          13%         3
 Olgreb's Toxic Radiance  Pois           24%          14%         4
 Mephitic Cloud           Conj/Pois/Air  12%          16%         3


Dungeon Overview and Level Annotations

Branches:
Dungeon (2/15)

Altars:
Okawaru

Annotations:
D:3 Sigmund


Innate Abilities, Weirdness & Mutations

Your experience applies equally to all skills.
You have very sharp teeth.
Your uncanny sense of smell can sniff out nearby items.


Message History

Confirm with . or Enter, or press ? or * to list all spells.
Aiming: Sting (safe; 2% risk of failure)
Press: ? - help, Shift-Dir - straight line, p - rat You feel sick.
The rat misses you.
You take 1 damage, and have 11/25 hp.
You now have 0/9 mp.
Casting: Sting (safe; 2% risk of failure)
Confirm with . or Enter, or press ? or * to list all spells.
You don't have enough magic to cast that spell.
You hit the rat.
You kill the rat!
A magic dart appears from out of thin air!
The magic dart hits you!
* * * LOW HITPOINT WARNING * * *
You take 7 damage, and have 4/25 hp.
MASSIVE DAMAGE!!
Something barely misses you.
You barely miss something. Something hits you but does no damage.
You completely miss something.
You feel sick.
You take 1 damage, and have 3/25 hp.
You barely miss something. Your bite misses something. Something hits you.
You die...

######+##
.......#
#.....#
####.....######
......†........
.......@.......
####$..{.......
#.....######
........
###.......
#.#...$..∆
#.##+##### #.


There were no monsters in sight!

Vanquished Creatures
  An adder (D:3)
  A dart slug (D:1)
  A leopard gecko (D:1)
  3 ball pythons (D:1)
  2 giant cockroaches (D:1)
  2 hobgoblins (D:1)
  3 jackals (D:1)
  6 bats
  3 frilled lizards
  2 goblins (D:1)
  3 kobolds (D:1)
  4 rats
31 creatures vanquished.

Notes
Turn   | Place    | Note
-------+----------+-------------------------------------------
     0 | D:1      | kaeus the Gnoll Venom Mage began the quest for the Orb.
     0 | D:1      | Reached XP level 1. HP: 13/13 MP: 6/6
   248 | D:1      | Reached XP level 2. HP: 19/19 MP: 5/7
   535 | D:1      | HP: 1/20 [ball python (2)]
   551 | D:1      | HP: 1/20 [bat (1)]
  1034 | D:1      | Reached XP level 3. HP: 25/25 MP: 7/9
  1082 | D:1      | Found an iron altar of Okawaru.
  1142 | D:1      | Reached skill level 5 in Spellcasting
  1670 | D:2      | You fall into a shaft and drop 1 floor!
  1671 | D:3      | Noticed Sigmund
  1681 | D:3      | Reached skill level 1 in Invocations
  1687 | D:3      | Slain by Sigmund

Illustrated notes

Levels and vault maps discovered:
D:1:      dpeg_arrival_round_a, layout_basic, dk_noncrumbling_4, hex_medium,
          okawaru_ov_weapons_minmay
D:2:      layout_loops_corners, grunt_temple_overflow_order_and_chaos_1,
          overflow_temple_1_default, amethyst_killhole, minmay_splitting_lines
D:3:      layout_basic, gammafunk_temple_overflow_wave, minmay_joined_circles,
          uniq_sigmund

Skill      XL: |  1  2  3 |
---------------+----------+-----
Transmutations | 2 |  2.1
Spellcasting   | 5 |  5.0
Invocations    | 1 |  1.0
Fighting       | |  0.8
Short Blades   | |  0.8
Long Blades    | |  0.8
Axes           | |  0.8
Maces & Flails | |  0.8
Polearms       | |  0.8
Staves         | |  0.8
Slings         | |  0.8
Bows           | |  0.8
Crossbows      | |  0.8
Throwing       | |  0.8
Armour         | |  0.8
Dodging        | |  4.5
Stealth        | |  4.1
Shields        | |  0.8
Unarmed Combat | |  0.8
Conjurations   | |  0.5
Hexes          | |  0.5
Summonings     | |  0.5
Necromancy     | |  0.5
Translocations | |  0.5
Fire Magic     | |  0.5
Ice Magic      | |  0.5
Air Magic      | |  0.5
Earth Magic    | |  0.5
Poison Magic   | |  5.4
Evocations     | |  0.8

Action                   || total
-------------------------++-------
Melee: Unarmed           ||    31
       Bite              ||     8
       Short sword       ||    18
 Cast: Sting             ||    45
  Use: Scroll            ||     2
Armor: Robe              ||    22
Dodge: Dodged            ||    93
